 Dungeon Crawl Stone Soup version 0.30-a0-652-gcc886f7154 (webtiles) character file.

Game seed: 5996785310264281068

25 funkygono the Firebug (level 2, 0/19 HPs)
             Began as a Demonspawn Fire Elementalist on Jan 17, 2023.
             Slain by an adder (1 damage)
             ... on level 2 of the Dungeon.
             The game lasted 00:01:20 (1025 turns).

funkygono the Firebug (DsFE)                        Turns: 1025, Time: 00:01:21

Health: 0/19       AC:  3    Str:  8    XL:     2   Next: 86%
Magic:  5/5        EV: 12    Int: 16    God:
Gold:   45         SH:  0    Dex: 13    Spells: 2/5 levels left

rFire   . . .      SeeInvis .    l - +0 dagger
rCold   . . .      Faith    .    (no shield)
rNeg    . . .      Spirit   .    a - +0 robe
rPois   .          Reflect  .    (no helmet)
rElec   .          Harm     .    m - +0 cloak
rCorr   .          Rampage  .    (no gloves)
Will    .....                    (no boots)
Stlth   ++                       i - amulet of magic regeneration
HPRegen 0.23/turn                (no ring)
MPRegen 0.49/turn                (no ring)

@: mighty, lethally poisoned (0 -> -3)
A: powered by pain 1
a: no special abilities


You were on level 2 of the Dungeon.
You visited 1 branch of the dungeon, and saw 2 of its levels.

You collected 45 gold pieces.

Inventory:

Hand Weapons
 l - a +0 dagger (weapon)
Armour
 a - a +0 robe (worn)
 m - a +0 cloak (worn)
Jewellery
 i - an amulet of magic regeneration (around neck)
Scrolls
 c - a scroll of torment {unknown}
 d - 3 scrolls of identify {unknown}
 f - 2 scrolls of fog {unknown}
 g - a scroll of teleportation {unknown}
 h - a scroll of amnesia {unknown}
 k - a scroll of fear {unknown}
Potions
 b - 2 potions of magic
 e - a potion of might {unknown}
 j - a potion of attraction {unknown}
 n - a potion of resistance {unknown}
 o - a potion of cancellation {unknown}


   Skills:
 + Level 1.9 Dodging
 - Level 1.7 Stealth
 + Level 2.3 Spellcasting
 + Level 1.3 Conjurations
 + Level 3.2 Fire Magic


You had 2 spell levels left.
You knew the following spells:

 Your Spells              Type           Power      Damage    Failure   Level
a - Foxfire               Conj/Fire      36%        2x1d5     8%          1
b - Scorch                Fire           24%        2d6       8%          2

Your spell library contained the following spells:

 Spells                   Type           Power      Damage    Failure   Level
 Inner Flame              Hex/Fire       7%         N/A       30%         3
 Kindle Blastsparks       Fire/Tloc/Air  10%        2d10      36%         3
 Flame Wave               Conj/Fire      9%         2d6       61%         4


Dungeon Overview and Level Annotations

Branches:
Dungeon (2/15)

Altars:


Innate Abilities, Weirdness & Mutations

You sometimes gain a little power by taking damage.


Message History

The adder attacks as you move away! The adder bites you.
The foxfire hits the adder.
The adder is almost dead.
The adder attacks as you move away! The adder bites you.
The adder closely misses you. The adder completely misses you.
The adder attacks as you move away! The adder misses you. The adder bites you.
The adder attacks as you move away! The adder bites you but does no damage.
The adder attacks as you move away! The adder misses you. The adder bites you.
The adder attacks as you move away! The adder barely misses you.
The adder attacks as you move away! The adder bites you.
Casting: Foxfire (safe; 8% risk of failure)
Confirm with . or Enter, or press ? or * to list all spells.
You conjure some foxfire!
The adder barely misses you. x2
The gnoll hits you from afar with a +0 halberd!
Ouch! That really hurt!
* * * LOW HITPOINT WARNING * * *
You focus on the pain.
You feel very mighty all of a sudden.
Your foxfire dissipates!
The foxfire hits the adder.
The adder is almost dead.
The adder attacks as you move away! The adder barely misses you.
The adder attacks as you move away! The adder barely misses you.
The adder bites you but does no damage.
There is a stone staircase leading down here.
The adder barely misses you. The adder attacks as you move away!
The adder bites you but does no damage. The adder attacks as you move away!
The adder bites you.
* * * LOW HITPOINT WARNING * * *
You are lethally poisoned!
The adder poisons you!
* * * LOW HITPOINT WARNING * * *
You feel sick. The adder attacks as you move away!
The adder closely misses you.
* * * LOW HITPOINT WARNING * * *
You feel sick. The adder bites you.
You die...

#.#.##### ##.#.....##
#.........#
#..#...#..#
#..#......#
#.........##
#.....<..<.#
#####..#.#.#
#....@.#.#.#
#.#..S.#.#.#
#.#........#
#......#.###
#.g..g...# #.#....###
#.#>#### #.#g######
############........#


You could see 2 gnolls, an adder and a goblin.

Vanquished Creatures
  A gnoll (D:2)
  An endoplasm (D:1)
  A giant cockroach (D:1)
  A goblin (D:1)
  3 hobgoblins
  4 ball pythons
  2 bats
  2 frilled lizards (D:1)
  A rat (D:1)
16 creatures vanquished.

Vanquished Creatures (others)
  60 foxfires
60 creatures vanquished.

Grand Total: 76 creatures vanquished

Notes
Turn   | Place    | Note
-------+----------+-------------------------------------------
     0 | D:1      | funkygono the Demonspawn Fire Elementalist began the quest
                  | for the Orb.
     0 | D:1      | Reached XP level 1. HP: 13/13 MP: 3/3
   338 | D:1      | Reached skill level 3 in Fire Magic
   417 | D:1      | Found a faded altar of an unknown god.
   440 | D:1      | Gained mutation: You sometimes gain a little power by
                  | taking damage. [demonic ancestry]
   440 | D:1      | Reached XP level 2. HP: 19/19 MP: 0/5
   535 | D:1      | Learned a level 2 spell: Scorch
  1025 | D:2      | Slain by an adder

Illustrated notes

Levels and vault maps discovered:
D:1:      giann_wishing_wells, layout_loops_cross,
          hellmonk_ecumenical_altar_run_dry, chequers_decorated_corner
D:2:      cheibrodos_fertilizer, layout_basic, bh_walls_and_bars, uniq_sigmund

Skill      XL: |  1 |
---------------+----+-----
Fire Magic     | 3 |  3.2
Dodging        | |  1.9
Stealth        | |  1.7
Spellcasting   | |  2.3
Conjurations   | |  1.3

Action                   || total
-------------------------++-------
 Cast: Foxfire           ||    35
       Scorch            ||     1
Armor: Robe              ||     5
Dodge: Dodged            ||    20

Table legend: (Time is in decaauts)
 A = Elapsed time spent in this place.
 B = Non-inter-level travel time spent in this place.
 C = Inter-level travel time spent in this place.
 D = Time resting spent in this place.
 E = Time spent auto-exploring this place.
 F = Levels seen in this place.
 G = Mean time per level.
                   A        B        C        D        E       F      G
               +--------+--------+--------+--------+--------+-----+--------+
         Total |   1024 |    983 |     41 |      0 |    816 |   2 |  512.0 |
       Dungeon |   1024 |    983 |     41 |      0 |    816 |   2 |  512.0 |
               +--------+--------+--------+--------+--------+-----+--------+

Top non-repeatable levels by time:
     D:1: 911 daAuts
     D:2: 112 daAuts
